 Dungeon Crawl Stone Soup version 0.18-a0-1060-g4fac74f (webtiles) character file.

1665 namelastname112 the Fighter (level 8, -13/75 HPs)
             Began as a Purple Draconian Wizard on Jan 12, 2016.
             Killed from afar by an electric eel (15 damage)
             ... with a bolt of electricity
             ... on level 6 of the Dungeon.
             The game lasted 00:14:40 (6770 turns).

namelastname112 the Fighter (DrWz)                  Turns: 6770, Time: 00:14:40

Health: -13/75     AC:  6    Str: 10    XL:     8   Next: 69%
Magic:  13/13      EV: 15    Int: 19    God:
Gold:   188        SH:  5    Dex: 11    Spells: 1 memorised, 13 levels left

rFire  . . .     SeeInvis .     n - +2 dagger (venom)
rCold  . . .     Gourm    .     (armour unavailable)
rNeg   . . .     Faith    .     (no shield)
rPois  .         Spirit   .     a - +0 hat
rElec  .         Dismiss  .     (no cloak)
rCorr  .         Reflect  +     (no gloves)
SustAt .         Harm     .     (no boots)
MR     +....                    u - +5 amulet of reflection
Stlth  +++.......               (no ring)
                                i - ring of stealth

@: short of breath, somewhat resistant to hostile enchantments, fairly stealthy
A: breathe power, unfitting armour, cold-blooded, AC +6
a: Breathe Dispelling Energy


You were on level 6 of the Dungeon.
You were not hungry.

You visited 1 branch of the dungeon, and saw 6 of its levels.
You also visited: Sewer.

You collected 188 gold pieces.

Inventory:

Hand Weapons
 f - a +0 dagger of chaos
 n - a +2 dagger of venom (weapon)
Missiles
 m - 23 arrows
 x - 19 arrows of flame
Armour
 a - a +0 hat (worn)
 q - a +0 pair of boots
Jewellery
 i - a ring of stealth (left hand)
 u - a +5 amulet of reflection (around neck)
Wands
 v - a wand of polymorph (5/24)
 y - a wand of random effects (25/48)
Scrolls
 d - 6 scrolls of identify
 h - 3 scrolls of teleportation
 k - a scroll of enchant armour {unknown}
 t - a scroll of remove curse
Potions
 e - 3 potions of brilliance
 g - 2 potions of ambrosia {unknown}
 j - 2 potions of heal wounds {unknown}
 l - a potion of poison {unknown}
 r - 2 potions of curing {unknown}
 w - 2 potions of lignification {unknown}
 z - 2 potions of cancellation {unknown}
 B - a potion of might {unknown}
Books
 b - a book of Minor Magic

   Spells                             Type                      Level
   a - Magic Dart                     Conjuration                  1
   b - Blink                          Translocation                2
   c - Call Imp                       Summoning                    2
   d - Repel Missiles                 Charms/Air                   2
   e - Slow                           Hexes                        2
   f - Conjure Flame                  Conjuration/Fire             3
   g - Mephitic Cloud                 Conjuration/Poison/Air       3
Comestibles
 c - 3 bread rations
 o - a royal jelly
 s - 4 meat rations
 A - a fruit


   Skills:
 + Level 8.3 Fighting
 + Level 7.5 Dodging
 - Level 1.7 Stealth
 - Level 3.6 Spellcasting
 - Level 1.0 Conjurations
   Level 1.0 Summonings
   Level 1.0 Translocations


You had 13 spell levels left.
You knew the following spells:

 Your Spells              Type           Power        Failure   Level  Hunger
z - Magic Dart            Conj           #...         12%         1    None


Dungeon Overview and Level Annotations

Branches:
Dungeon (6/15)
 Temple: D:4-7

Altars:
Elyvilon
Kikubaaqudgha
Nemelex Xobeh
Ru
Xom

Annotations:
D:4 Menkaure


Innate Abilities, Weirdness & Mutations

You can breathe bolts of dispelling energy.
Your rich purple scales are hard (AC +6).
Your body does not fit into most forms of armour.
You are cold-blooded and may be slowed by cold attacks.


Message History

The bolt of electricity misses you.
You barely miss the electric eel.
The electric eel shoots out a bolt of lightning at you!
The bolt of electricity hits you!
You hit the electric eel.
The electric eel is poisoned.
The electric eel is moderately wounded.
The electric eel shoots out a bolt of lightning at you!
The bolt of electricity misses you.
The electric eel shoots out a bolt of lightning at you!
The bolt of electricity hits you!
* * * LOW HITPOINT WARNING * * *
The bolt of electricity misses you.
The electric eel shoots out a bolt of lightning at you!
The bolt of electricity hits you!
* * * LOW HITPOINT WARNING * * *
The bolt of electricity hits you!
* * * LOW HITPOINT WARNING * * *
The electric eel shoots out a bolt of lightning at you!
The bolt of electricity hits you!
You die...

## #.## .. #... #.
########## #.## #.
#........# #.## #.
#.######.###.#. #. #.#.#
#..##.#.
#.###.#.####.....#.
#.@................
#########...........#....
#.........#...#.#...#....
#........≈≈≈≈≈≈≈≈........
#.......≈;≈≈≈≈≈≈≈≈.......
#......≈≈###≈≈###≈≈#.....
.......≈≈+ #≈≈# +≈≈......
###.###≈≈# #≈≈###≈≈......
...###≈≈≈≈≈≈≈≈≈≈≈≈......


You could see an electric eel.

Vanquished Creatures
  2 phantoms (D:4)
  6 ogres
  A crocodile (Sewer)
  A giant frog (D:4)
  3 scorpions
  3 crimson imps
  3 hounds (D:4)
  3 orc priests
  Natasha (twice) (D:4)
  An iguana (D:4)
  3 orc wizards
  3 worker ants
  A hound skeleton (D:4)
  8 adders
  An adder skeleton (D:4)
  3 worms (D:3)
  2 giant geckos
  11 orcs
  8 giant cockroaches
  8 goblins
  4 hobgoblins
  8 jackals
  8 kobolds
  A quokka (D:3)
  A ball python (D:3)
  6 bats
  9 giant newts
  5 rats
115 creatures vanquished.

Vanquished Creatures (others)
  The ghost of namelastname112 the Sneak, an amateur DrWz (D:6)
  An orc (D:6)
2 creatures vanquished.

Grand Total: 117 creatures vanquished

Notes
Turn   | Place    | Note
--------------------------------------------------------------
     0 | D:1      | namelastname112 the Draconian Wizard began the quest for the Orb.
     0 | D:1      | Reached XP level 1. HP: 14/14 MP: 4/4
   501 | D:1      | Reached skill level 1 in Fighting
   624 | D:1      | Reached XP level 2. HP: 18/23 MP: 0/6
  1101 | D:2      | Found an ancient bone altar of Kikubaaqudgha.
  1180 | D:2      | Reached XP level 3. HP: 22/29 MP: 7/7
  1578 | D:3      | Reached XP level 4. HP: 29/37 MP: 8/8
  1738 | D:3      | Found a white marble altar of Elyvilon.
  1825 | D:3      | Reached XP level 5. HP: 43/45 MP: 9/9
  2008 | D:3      | Reached skill level 4 in Dodging
  2011 | D:3      | Found a glowing drain.
  2028 | Sewer    | Entered a sewer
  2348 | Sewer    | Noticed a crocodile
  2367 | Sewer    | Killed a crocodile
  2367 | Sewer    | Reached XP level 6. HP: 38/52 MP: 10/10
  2617 | D:3      | Found a shimmering altar of Xom.
  3470 | D:4      | Reached skill level 5 in Fighting
  3640 | D:4      | Reached skill level 5 in Dodging
  3648 | D:4      | Noticed Menkaure
  3720 | D:4      | Reached XP level 7. HP: 51/61 MP: 12/12
  3720 | D:4      | Your scales start taking on a rich purple colour.
  3826 | D:4      | Reached skill level 6 in Fighting
  4812 | D:4      | Noticed Natasha
  4827 | D:4      | Killed Natasha
  4884 | D:4      | Noticed Natasha
  4900 | D:4      | Killed Natasha
  4900 | D:4      | Reached XP level 8. HP: 34/71 MP: 13/13
  5089 | D:4      | Reached skill level 7 in Fighting
  5432 | D:5      | Entered Level 5 of the Dungeon
  5931 | D:5      | Reached skill level 8 in Fighting
  6349 | D:6      | Found a sacrificial altar of Ru.
  6451 | D:6      | Found a sparkling altar of Nemelex Xobeh.
  6735 | D:6      | Killed namelastname112's ghost
  6769 | D:6      | HP: 2/75 [electric eel/bolt of electricity (6)]
  6770 | D:6      | Killed from afar by an electric eel

Vault maps used:
D:1:      dpeg_arrival_lava_altar, minmay_misc_feat_secret_circle
D:2:      old_standard_altar
D:3:      led_xom_imps, nicolae_overflow_crystal_walls, portal_sewer_entry_e
D:4:      uniq_menkaure, uniq_natasha
D:5:      first_bread, kennysheep_generic_room_13
D:6:      nicolae_overflow_hidden_temple, nemelex_xobeh_ov_fountains_minmay,
          old_standard_altar, lemuel_temple_firewalk, water_boxes_lemuel
Sewer:    sewer_the_crocodile

Action                   |  1- 3 |  4- 6 |  7- 9 || total
-------------------------+-------+-------+-------++-------
Melee: Unarmed           |    33 |       |       ||    33
       Dagger            |    53 |   188 |   254 ||   495
 Cast: Magic Dart        |    28 |       |       ||    28
 Abil: Breathe Dispellin |       |       |     4 ||     4
  Use: Scroll            |       |     5 |       ||     5
       Potion            |       |     2 |       ||     2
 Stab: Sleeping          |     2 |       |     5 ||     7
       Distracted        |       |     1 |       ||     1
       Paralysed         |       |       |     9 ||     9
  Eat: Chunk             |     1 |     7 |     7 ||    15
       Beef jerky        |       |     1 |     1 ||     2
       Pizza             |       |       |     1 ||     1
